 Dungeon Crawl Stone Soup version 0.29.1-1-gd02db6906a (webtiles) character file.

Game seed: 15416188388935968889

58 jamesp the Insei (level 4, -1/29 HPs)
             Began as an Octopode Transmuter on Oct 5, 2022.
             Slain by an orc wizard
             ... wielding a +0 dagger
              (2 damage)
             ... on level 3 of the Dungeon.
             The game lasted 00:06:52 (2182 turns).

jamesp the Insei (Octopode Transmuter)              Turns: 2182, Time: 00:06:54

Health: -1/29      AC:  1    Str:  9    XL:     4   Next: 1%
Magic:  7/7        EV: 13    Int: 17    God:
Gold:   104        SH:  0    Dex: 12    Spells: 7/8 levels left

rFire   . . .      SeeInvis .     - Unarmed
rCold   . . .      Faith    .   (no shield)
rNeg    . . .      Spirit   .   (helmet currently unavailable)
rPois   .          Reflect  .   (no amulet)
rElec   .          Harm     .   (no ring)
rCorr   .          Rampage  .   (no ring)
Will    .....                   (no ring)
Stlth   ++........              (no ring)
HPRegen 0.09/turn               (no ring)
MPRegen 0.10/turn               (no ring)
                                (no ring)
                                (no ring)

@: mighty, appendages
A: tentacle spike 3, almost no armour, amphibious, 8 rings, camouflage 1,
gelatinous body 1, (nimble swimmer 1), tentacles
a: End Transformation


You were on level 3 of the Dungeon.
One of your tentacles had grown a beastly spike.
You visited 1 branch of the dungeon, and saw 3 of its levels.

You collected 104 gold pieces.

Inventory:

Missiles
 e - 17 stones
 h - 4 boomerangs
 i - 12 poisoned darts
 j - 4 javelins
Jewellery
 f - a ring of fire
Scrolls
 b - a scroll of magic mapping
 d - 2 scrolls of teleportation
 k - a scroll of butterflies {unknown}


   Skills:
 + Level 2.0 Fighting
 - Level 2.0 Dodging
 + Level 3.5 Unarmed Combat
 + Level 2.6 Spellcasting
 + Level 2.6 Transmutations


You had 7 spell levels left.
You knew the following spells:

 Your Spells              Type           Power      Damage    Failure   Level
a - Beastly Appendage     Tmut           22%        N/A       6%          1

Your spell library contained the following spells:

 Spells                   Type           Power      Damage    Failure   Level
 Wereblood                Tmut           11%        N/A       10%         2
 Spider Form              Tmut/Pois      6%         N/A       32%         3
 Ice Form                 Ice/Tmut       6%         N/A       71%         4


Dungeon Overview and Level Annotations

Branches:
Dungeon (3/15)

Altars:

Shops:
D:1 !

Annotations:
D:2 Sigmund


Innate Abilities, Weirdness & Mutations

One of your tentacles has grown a beastly spike.
You cannot wear most types of armour.
You are amphibious.
You can wear up to eight rings at the same time.
Your skin changes colour to match your surroundings (Stealth+).
Your rubbery body absorbs attacks. (AC +1, EV +1)
((You are camouflaged when in or above water. (Stealth+)))
You have tentacles for arms and can constrict up to eight enemies at once.


Message History

One of your tentacles grows a vicious spike.
An orc comes into view. It is wielding a +0 club.
The orc wizard barely misses you.
You tentacle-slap the orc wizard but do no damage.
Your grab misses the orc wizard.
Your tentacle spike misses the orc wizard.
Your squeeze misses the orc wizard.
The orc wizard mumbles some strange words.
The orc wizard flickers and vanishes!
Deactivating autopickup; reactivate with Ctrl-A.
You miss something.
Your tentacle spike misses something.
Your squeeze misses something. Something hits you.
You tentacle-slap something.
You hear some strange, mumbled words.
You are confused.
You barely miss something. Something hits you.
The orc attacks as you move away! The orc completely misses you.
You barely miss the orc.
Your tentacle spike misses the orc.
Your squeeze misses the orc. The orc closely misses you.
The orc closely misses you. The orc misses you.
You're too confused to move!
You feel less confused. The orc barely misses you.
The orc hits you with a +0 short sword.
You tentacle-slap the orc. You grab the orc.
The orc is heavily wounded.
You constrict the orc.
The orc escapes!
The orc barely misses you.
You tentacle-slap the orc. You grab the orc. Your squeeze misses the orc.
The orc is severely wounded.
You constrict the orc. The orc hits you with a +0 club. Something hits you.
The orc hits you with a +0 short sword.
* * * LOW HITPOINT WARNING * * *
The orc hits you with a +0 short sword.
* * * LOW HITPOINT WARNING * * *
It was a potion of might.
You feel very mighty all of a sudden.
You constrict the orc.
You kill the orc!
A bat comes into view.
Something hits you.
You die...

,,,,,,,,,*,#....#,,,,,,,,,,* *,*
,,,,,,,,,*,#....#.b.....**** *,*
,,******,#.#....#.......**** **,*
,,* *,#.#....#.......,,,* *,,*
****####+#......#.....,,,,,***,**
,,,,.......##....$....,,,,,+,*,*
,,,,,,.....+)......#****,,,*,,,*
,,,,,,,,...#....o..+,,,,,,,,,,**
,,,,,,,#+#.#.#.)@..#****,******
,,...,,#.#.....o...+,,.,,,,,,*
,,....,#...........###.*,,,*,*
,,.....#...........##..*,,.#,*
,,.....##..........##.#*...#,*
,,.....##...##.....##.#*...#,*
,,.............######.#*...#,*
,,.............## #.#*...#,****
,,...#..........#####)##...#,,,,,


You could see 2 orcs and a bat.

Vanquished Creatures
  An adder (D:2)
  An orc (D:3)
  4 ball pythons
  2 endoplasms
  2 giant cockroaches (D:1)
  5 hobgoblins
  6 jackals (D:1)
  3 quokkas (D:1)
  4 bats (D:2)
  4 frilled lizards
  4 goblins
  6 kobolds
  2 rats (D:2)
44 creatures vanquished.

Vanquished Creatures (others)
  11 plants (D:2)
11 creatures vanquished.

Grand Total: 55 creatures vanquished

Notes
Turn   | Place    | Note
-------+----------+-------------------------------------------
     0 | D:1      | jamesp the Octopode Transmuter began the quest for the Orb.
     0 | D:1      | Reached XP level 1. HP: 13/13 MP: 3/3
    62 | D:1      | Reached XP level 2. HP: 15/18 MP: 3/5
   438 | D:1      | Found a faded altar of an unknown god.
   683 | D:1      | Reached XP level 3. HP: 21/23 MP: 6/6
   968 | D:1      | Found Viasoimu's Distillery.
  1464 | D:2      | Noticed Sigmund
  1728 | D:2      | HP: 1/36 [poisoned by an adder]
  2169 | D:3      | Reached XP level 4. HP: 24/29 MP: 7/7
  2181 | D:3      | HP: 1/29 [orc/+0 short sword (4)]
  2182 | D:3      | Slain by an orc wizard

Illustrated notes

Levels and vault maps discovered:
D:1:      dpeg_arrival_rooms_c, layout_basic, serial_shops, shop,
          hellmonk_ecumenical_altar_leap_of_faith, supply_closet_lemuel,
          minmay_tromino_mix6
D:2:      layout_rooms, serial_bayou_lagoon_b, uniq_sigmund
D:3:      layout_basic

Skill      XL: |  1  2  3 |
---------------+----------+-----
Fighting       | 2 |  2.0
Dodging        | |  2.0
Unarmed Combat | |  3.5
Spellcasting   | |  2.6
Transmutations | |  2.6

Action                   |  1- 3 |  4- 6 || total
-------------------------+-------+-------++-------
Melee: Unarmed           |    86 |     7 ||    93
       Constrict         |    22 |     2 ||    24
       Kick              |    16 |       ||    16
       Tentacles         |    19 |       ||    19
       Punch             |     1 |       ||     1
 Cast: Beastly Appendage |    15 |     1 ||    16
  Use: Potion            |     2 |     1 ||     3
       Scroll            |     2 |       ||     2
 Stab: Sleeping          |     9 |       ||     9
       Distracted        |     2 |       ||     2
Armor: Skin              |     5 |       ||     5
Dodge: Dodged            |    44 |     7 ||    51
